 Dungeon Crawl Stone Soup version 0.27.0-1-g7a089689b8 (webtiles) character file.

Game seed: 18256995906547502634

44 Dann the Skirmisher (level 3, -1/34 HPs)
             Began as a Naga Fighter on Aug 11, 2021.
             Slain by a gnoll (6 damage)
             ... on level 2 of the Dungeon.
             The game lasted 00:03:59 (2121 turns).

Dann the Skirmisher (Naga Fighter)                  Turns: 2121, Time: 00:03:59

Health: -1/34      AC:  5    Str: 19    XL:     3   Next: 62%
Magic:  3/3        EV:  5    Int:  8    God:
Gold:   61         SH:  8    Dex: 10    Spells: 2/2 levels left

rFire    . . .     SeeInvis +   a - +0 trident
rCold    . . .     Faith    .   c - +0 kite shield
rNeg     . . .     Spirit   .   b - +0 scale mail
rPois    +         Reflect  .   j - +0 helmet
rElec    .         Harm     .   (no cloak)
rCorr    .         Rampage  .   (no gloves)
Will     .....                  (no barding)
Stlth    ..........             (no amulet)
HPRegen  0.11/turn              (no ring)
MPRegen  0.08/turn              (no ring)

@: very slow
A: AC +1, large, see invisible, deformed body, poison resistance, slowness 2,
spit poison 1, naga tail 1
a: Spit Poison


You were on level 2 of the Dungeon.
You visited 1 branch of the dungeon, and saw 2 of its levels.

You collected 61 gold pieces.

Inventory:

Hand Weapons
 a - a +0 trident (weapon)
Missiles
 m - 2 throwing nets
Armour
 b - a +0 scale mail (worn)
 c - a +0 kite shield (worn)
 j - a +0 helmet (worn)
Scrolls
 f - a scroll of amnesia {unknown}
 h - a scroll of summoning {unknown}
 i - a scroll of identify {unknown}
 k - a scroll of enchant weapon {unknown}
 l - a scroll of teleportation {unknown}
Potions
 d - a potion of might
 e - 2 potions of curing {unknown}
 g - a potion of heal wounds {unknown}
 n - a potion of degeneration {unknown}


   Skills:
 + Level 3.3 Fighting
 + Level 2.3 Polearms
 + Level 2.7 Armour
 + Level 1.0 Dodging
 + Level 0.9 Stealth
 + Level 2.6 Shields


You had 2 spell levels left.
You didn't know any spells.
Your spell library contained the following spells:

 Spells                   Type           Power      Damage    Failure   Level
 Foxfire                  Conj/Fire      0%         2x1d4     99%         1
 Summon Small Mammal      Summ           0%         N/A       99%         1
 Static Discharge         Conj/Air       0%         N/A       100%        2
 Call Canine Familiar     Summ           0%         N/A       100%        3
 Conjure Flame            Conj/Fire      0%         6-21      100%        3
 Inner Flame              Hex/Fire       0%         N/A       100%        3
 Summon Guardian Golem    Hex/Summ       0%         N/A       100%        3
 Lightning Bolt           Conj/Air       0%         1d11      100%        5
 Maxwell's Capacitive Co  Air            0%         ∞         100%        8


Dungeon Overview and Level Annotations

Branches:
Dungeon (2/15)

Altars:
Hepliaklqana


Innate Abilities, Weirdness & Mutations

Your serpentine skin is tough. (AC +1)
You have supernaturally acute eyesight. (SInv)
Armour fits poorly on your strangely shaped body.
Your system is resistant to poisons. (rPois)
You cover ground very slowly.
You can spit poison.
You have a snake-like lower body.


Message History

You barely miss the hobgoblin.
The hobgoblin is moderately wounded.
The hobgoblin hits you but does no damage. x2
You hit the hobgoblin.
You kill the hobgoblin!
A gnoll comes into view. It is wielding a +0 spear.
A gnoll comes into view. It is wielding a +0 spear.
A gnoll comes into view. It is wielding a +0 spear.
The gnoll hits you but does no damage.
The gnoll shouts!
You block the gnoll's attack.
You closely miss the gnoll. You block the gnoll's attack. x2
The gnoll hits you with a +0 whip.
You closely miss the gnoll. The gnoll hits you but does no damage.
The gnoll barely misses you. You block the gnoll's attack.
You hit the gnoll.
The gnoll is heavily wounded.
You block the gnoll's attack.
The gnoll hits you from afar with a +0 spear.
The gnoll hits you with a +0 whip.
You puncture the gnoll!
You kill the gnoll!
The gnoll hits you from afar with a +0 spear.
Your Dodging skill increases to level 1!
You block the gnoll's attack. x2; The gnoll hits you but does no damage.
The gnoll hits you with a +0 spear.
Things that are here:
a +0 whip; a gnoll corpse You closely miss the gnoll.
The gnoll hits you but does no damage. You block the gnoll's attack.
The gnoll barely misses you.
The gnoll hits you from afar with a +0 spear. x2
You barely miss the gnoll. You block the gnoll's attack.
The gnoll hits you from afar with a +0 spear.
The gnoll hits you but does no damage. The gnoll hits you with a +0 spear.
The gnoll hits you from afar with a +0 spear.
* * * LOW HITPOINT WARNING * * *
The gnoll hits you from afar with a +0 spear.
* * * LOW HITPOINT WARNING * * *
The gnoll hits you from afar with a +0 spear.
You die...

##...##..#.g...#
.#....##.##..### .##....#.##g.#
..##...#..#..#
#..###....#.######
##...####.#.gg.g.#
.###.)....#.####g# ...####...).#
#.# .#..# ####### #@# .#..#
##.##### #.# .#).###...##.###.#
.#..##.###..#.##.# #.
...<...###.....#.# #.#
#...##.##.#...#..####.######.#
.....##....................#.#
.........##.#..#.#########.#.#
.....#######.#...............###


You could see 2 gnolls.

Vanquished Creatures
  A gnoll (D:2)
  3 worms
  A dart slug (D:2)
  3 endoplasms (D:1)
  A giant cockroach (D:2)
  2 goblins (D:2)
  3 hobgoblins
  3 ball pythons
  5 bats
  2 rats (D:2)
24 creatures vanquished.

Notes
Turn   | Place    | Note
-------+----------+-------------------------------------------
     0 | D:1      | Dann the Naga Fighter began the quest for the Orb.
     0 | D:1      | Reached XP level 1. HP: 21/21 MP: 1/1
   423 | D:1      | You fall into a shaft and drop 1 floor!
   436 | D:2      | Reached XP level 2. HP: 23/28 MP: 2/2
   910 | D:1      | Got the Guide on the Blaze
  1407 | D:2      | Found a hazy altar of Hepliaklqana.
  1852 | D:1      | Reached XP level 3. HP: 22/34 MP: 3/3
  2114 | D:2      | Reached skill level 1 in Dodging
  2121 | D:2      | Slain by a gnoll

Illustrated notes

Levels and vault maps discovered:
D:1:      roderic_chinese_lattice_arrival, layout_loops_ring,
          hangedman_decor_push, minmay_misc_feat_roman
D:2:      minmay_evil_eye, layout_loops_ring, basic_altar, nrook_mini_backslash

Skill      XL: |  1  2  3 |
---------------+----------+-----
Dodging        | 1 |  1.0
Fighting       | |  3.3
Polearms       | |  2.3
Armour         | |  2.7
Stealth        | |  0.9
Shields        | |  2.6

Action                   || total
-------------------------++-------
Melee: Trident           ||   106
Armor: Scale mail        ||    55
Dodge: Dodged            ||    35
Block: Kite shield       ||    67
